 Dungeon Crawl Stone Soup version 0.31.0-11-ge490571c62 (webtiles) character file.

Game seed: 7667394421636178951

6647 qw the Markself (level 10, -4/60 HPs)
             Began as a Deep Elf Hunter on Feb 4, 2024.
             Was a Believer of Okawaru.
             Slain by a sixfirhy (12 damage)
             ... summoned by a kobold demonologist
             ... on level 12 of the Dungeon.
             The game lasted 00:00:39 (7358 turns).

qw the Markself (Deep Elf Hunter)                   Turns: 7358, Time: 00:00:40

Health: -4/60      AC: 10    Str: 12    XL:     10   Next: 72%
Magic:  13/15      EV: 21    Int: 15    God:    Okawaru [**....]
Gold:   370        SH:  5    Dex: 18    Spells: 9/9 levels left

rFire   + . .        j - +0 orcbow
rCold   + . .        (shield currently unavailable)
rNeg    . . .        a - +1 robe {rC+ rF+}
rPois   +            g - +1 helmet
rElec   .            o - +2 cloak
rCorr   .            (no gloves)
SInv    .            e - +0 pair of boots
Will    +....        c - amulet of reflection
Stlth   +++          l - +4 ring of slaying {mikee}
HPRegen 0.30/turn    n - ring of poison resistance
MPRegen 0.14/turn

%: reflection
@: heroic
A: no striking features
a: Renounce Religion, Heroism


You were on level 12 of the Dungeon.
You worshipped Okawaru.
Okawaru was pleased with you.
You visited 2 branches of the dungeon, and saw 11 of its levels.

You collected 432 gold pieces.
You spent 62 gold pieces at shops.


   Skills:
 - Level 6.0(11.0) Fighting
 - Level 16.0(21.0) Ranged Weapons
 - Level 1.3(6.3) Armour
 + Level 9.5(14.5) Dodging
 - Level 1.2(6.2) Stealth
 - Level 4.1 Invocations


You had 9 spell levels left.
You didn't know any spells.
Your spell library was empty.

Inventory:

Hand Weapons
 j - a +0 orcbow (weapon)
Armour
 a - a +1 robe of resistance (worn)
 e - a +0 pair of boots (worn)
 g - a +1 helmet (worn)
 o - a +2 cloak (worn)
 r - a +0 ring mail
 s - a +0 troll leather armour
Jewellery
 c - an amulet of reflection (around neck)
 l - a +4 ring of slaying (left hand) {mikee}
 n - a ring of poison resistance (right hand)
Wands
 b - a wand of digging (1)
 q - a wand of quicksilver (2)
Scrolls
 d - 6 scrolls of identify
 i - 2 scrolls of teleportation
Potions
 h - a potion of enlightenment
 k - a potion of cancellation
 m - a potion of mutation {unknown}

Dungeon Overview and Level Annotations

Branches:
Dungeon (9/15)             Temple (1/1) D:7
   Lair: D:8-11         Orc: D:9-12

Altars:
Ashenzari
Cheibriados
Elyvilon
Fedhas
Gozag
Hepliaklqana
Kikubaaqudgha
Makhleb
Nemelex Xobeh
Okawaru
Qazlal
Ru
Sif Muna
Trog
Uskayaw
Vehumet
Wu Jian
Xom
Yredelemnul
Zin
The Shining One

Shops:
D:3 ??   D:7 [

Annotations:
D:4 1 runed translucent door, qw's ghost, amateur SpHu


Message History

You hear the deafening beating of a distant drum. x3
HP restored.
After a thunderous strike, the drumbeats cease.
7284 ||| RIP GAUNTLET The walls and floor vibrate strangely for a moment.
There is an empty arch of ancient stone here.
A kobold demonologist comes into view. It is wielding a +0 dagger.
7351 ||| PLANNING D:1-11 You shoot an arrow.
The arrow hits the kobold demonologist!
The kobold demonologist shouts!
The kobold demonologist is heavily wounded.
The kobold demonologist casts a spell.
Enter note:
Enter note:
Enter note:
Enter note:
7352 ||| RETREEEEATING.
The sixfirhy hits you! The sixfirhy shocks you!
The sixfirhy hits you but does no damage.
7353 ||| INVOKING Heroism.
You gain the combat prowess of a mighty hero.
The sixfirhy hits you but does no damage.
The sixfirhy completely misses you. The sixfirhy misses you.
The kobold demonologist begins to cast a cantrip, but forgets the words!
You shoot an arrow. The arrow hits the sixfirhy.
The sixfirhy is lightly wounded.
You shoot an arrow. The arrow hits the sixfirhy.
The sixfirhy is moderately wounded.
You shoot an arrow. The arrow hits the sixfirhy.
The sixfirhy is moderately wounded.
You shoot an arrow. The arrow closely misses the sixfirhy.
The arrow closely misses the kobold demonologist.
The sixfirhy closely misses you. The sixfirhy hits you.
The sixfirhy shocks you! You block the sixfirhy's attack.
The kobold demonologist mumbles some strange words.
You shoot an arrow. The arrow hits the sixfirhy!
The sixfirhy is heavily wounded.
The sixfirhy hits you. The sixfirhy shocks you! The sixfirhy hits you.
The sixfirhy shocks you!
You die...

#.#.#.#.#.## ####################
.>.#.#.#.#.# #. .... #.#.#.#.#.##
#.#+###### #### .#.#.#.#.#.#
#........# #.#.#.#.#.##
#........# .#.#.#.#.#.#
#........## #.#.#.#.#.##
#..K$...... .#.#.#.#.#.# #3#
#.#.#.#.#.## #@# .#.#.#.#.#.# #.#
...#############.#
..........\......#
..###############################
.................................
#################################


You could see a kobold demonologist and a sixfirhy (summoned).

Vanquished Creatures
  A boulder beetle (D:12)
  2 two-headed ogres
  An unseen horror (D:12)
  A kobold demonologist (D:12)
  A troll (D:12)
  A shadow (D:9)
  A wraith (D:12)
  2 wyverns
  4 yaks (D:12)
  A water moccasin (D:8)
  2 orc warriors
  2 ice beasts
  2 sky beasts
  A black bear (D:5)
  3 centaurs
  4 bullfrogs
  Blork the orc (D:6)
  A kobold brigand (D:8)
  A scorpion (D:5)
  5 wights (D:7)
  A howler monkey (D:7)
  5 jellies
  7 orc priests
  2 gnoll boudas
  6 hounds
  2 sleepcaps
  7 orc wizards
  2 iguanas
  Robin (D:3)
  10 gnolls
  9 adders
  A shadow imp (D:6)
  2 white imps
  4 ufetubi
  3 dart slugs
  4 ribbon worms
  26 orcs
  4 endoplasms
  A giant cockroach (D:1)
  10 hobgoblins
  10 jackals
  2 quokkas (D:2)
  8 ball pythons
  4 bats
  A frilled lizard (D:2)
  11 goblins
  29 kobolds
  4 rats
213 creatures vanquished.

Notes
Turn   | Place    | Note
-------+----------+-------------------------------------------
     0 | D:1      | qw the Deep Elf Hunter began the quest for the Orb.
     0 | D:1      | Reached XP level 1. HP: 12/12 MP: 3/3
     0 | D:1      | 0 ||| qw: Version: 0.3-a-160-g6735b56
     0 | D:1      | 0 ||| qw: Game counter: 4533
     0 | D:1      | 0 ||| qw: Melee chars always use a shield: true
     0 | D:1      | 0 ||| qw: God list: Okawaru
     0 | D:1      | 0 ||| qw: Allow faded altars: false
     0 | D:1      | 0 ||| qw: Do Orc after clearing Dungeon:15 true
     0 | D:1      | 0 ||| qw: Do second Lair branch before Depths: true
     0 | D:1      | 0 ||| qw: Lair rune preference: random
     0 | D:1      | 0 ||| qw: Goals: Normal
     0 | D:1      | 0 ||| PLANNING D:1-11
    93 | D:1      | Reached skill level 6 in Ranged Weapons
    93 | D:1      | Reached XP level 2. HP: 14/16 MP: 4/4
   170 | D:1      | Found a faded altar of an unknown god.
   845 | D:1      | 845 ||| READING scroll labelled TEPLUEMM LOQU.
   846 | D:1      | 846 ||| READING scroll labelled BICUDD UT IDY.
   847 | D:1      | 847 ||| READING scroll labelled MIODAC WUXT.
   848 | D:1      | 848 ||| READING scroll labelled CALELE ULALO.
   848 | D:1      | 848 ||| ENCHANTING +0 shortbow.
   849 | D:1      | 849 ||| READING scroll labelled FIS HABAZXISO.
   854 | D:1      | 854 ||| DRINKING 2 fuming red potions.
   855 | D:1      | 855 ||| DROPPING scroll of butterflies.
   856 | D:1      | 856 ||| DROPPING potion of attraction.
   875 | D:2      | Reached XP level 3. HP: 20/20 MP: 5/5
  1019 | D:2      | Reached skill level 7 in Ranged Weapons
  1155 | D:2      | Reached XP level 4. HP: 17/25 MP: 6/6
  1595 | D:2      | Reached skill level 8 in Ranged Weapons
  1712 | D:2      | 1712 ||| UPGRADING to +0 pair of boots.
  1717 | D:2      | 1717 ||| DROPPING +6 ring of intelligence.
  1718 | D:2      | 1718 ||| DROPPING ring of flight.
  1719 | D:2      | 1719 ||| UPGRADING to +4 ring of slaying {mikee}.
  1720 | D:2      | 1720 ||| READING scroll labelled GULEYBIE ROIX.
  1720 | D:2      | 1720 ||| IDENTIFYING emerald potion
  1721 | D:2      | 1721 ||| READING scroll labelled POCRUAFISY.
  1722 | D:2      | 1722 ||| READING scroll labelled WEOCOU KAYSCHAMP.
  1930 | D:3      | Found Wuleegepn's Magic Scroll Shop.
  1936 | D:3      | 1936 ||| SHOPLISTING 3 scrolls of teleportation (99 gold,
                  | have 64).
  1936 | D:3      | 1936 ||| BUYING scroll of identify (22 gold).
  1936 | D:3      | Bought a scroll of identify for 22 gold pieces
  2051 | D:3      | Noticed Robin
  2066 | D:3      | Reached XP level 5. HP: 19/29 MP: 7/7
  2071 | D:3      | Killed Robin
  2144 | D:3      | Found Eske's Magic Scroll Shoppe.
  2154 | D:3      | 2154 ||| BUYING scroll of identify (20 gold).
  2154 | D:3      | Bought a scroll of identify for 20 gold pieces
  2154 | D:3      | 2154 ||| BUYING scroll of identify (20 gold).
  2154 | D:3      | Bought a scroll of identify for 20 gold pieces
  2154 | D:3      | 2154 ||| SHOPLISTING scroll of identify (20 gold, have 17).
  2482 | D:3      | Reached skill level 9 in Ranged Weapons
  2627 | D:3      | 2627 ||| UPGRADING to +0 helmet.
  2632 | D:3      | 2632 ||| UPGRADING to +0 ring mail.
  2642 | D:3      | 2642 ||| DROPPING +0 leather armour.
  2643 | D:3      | 2643 ||| UPGRADING to amulet of regeneration.
  2648 | D:3      | 2648 ||| DROPPING amulet of magic regeneration.
  2649 | D:3      | 2649 ||| READING 5 scrolls of identify.
  2649 | D:3      | 2649 ||| IDENTIFYING dark potion
  2650 | D:3      | 2650 ||| READING 4 scrolls of identify.
  2650 | D:3      | 2650 ||| IDENTIFYING metallic black potion
  2651 | D:3      | 2651 ||| READING 3 scrolls of identify.
  2651 | D:3      | 2651 ||| IDENTIFYING fuming golden potion
  2652 | D:3      | 2652 ||| READING 2 scrolls of identify.
  2652 | D:3      | 2652 ||| IDENTIFYING sedimented puce potion
  2653 | D:3      | 2653 ||| READING scroll of identify.
  2653 | D:3      | 2653 ||| IDENTIFYING glowing purple potion
  2654 | D:3      | 2654 ||| READING scroll labelled PUOTOGO FYEQIPP.
  2654 | D:3      | 2654 ||| ENCHANTING +0 helmet.
  2655 | D:3      | 2655 ||| DRINKING 2 murky silvery potions.
  2656 | D:3      | 2656 ||| DROPPING potion of magic.
  2657 | D:3      | 2657 ||| DROPPING potion of lignification.
  2658 | D:3      | 2658 ||| DROPPING potion of invisibility.
  2659 | D:3      | 2659 ||| DROPPING potion of degeneration.
  2866 | D:4      | Found a white marble altar of Elyvilon.
  2921 | D:4      | Reached XP level 6. HP: 36/36 MP: 8/8
  2926 | D:4      | 2926 ||| FLEEEEING.
  2927 | D:4      | 2927 ||| FLEEEEING.
  2928 | D:4      | 2928 ||| FLEEEEING.
  2929 | D:4      | 2929 ||| FLEEEEING.
  2930 | D:4      | 2930 ||| FLEEEEING.
  2938 | D:4      | Reached skill level 1 in Armour
  3190 | D:4      | Found a runed translucent door.
  3191 | D:4      | Noticed qw's ghost (amateur SpHu)
  3447 | D:5      | Entered Level 5 of the Dungeon
  3447 | D:5      | Found a glowing silver altar of Zin.
  3449 | D:5      | 3449 ||| STAIRDANCE
  3460 | D:5      | 3460 ||| STAIRDANCE
  3473 | D:5      | Found an ancient bone altar of Kikubaaqudgha.
  3526 | D:5      | Reached skill level 10 in Ranged Weapons
  3537 | D:5      | Reached skill level 3 in Dodging
  3552 | D:5      | Reached XP level 7. HP: 40/40 MP: 9/9
  3842 | D:5      | Reached skill level 11 in Ranged Weapons
  4074 | D:5      | 4074 ||| READING scroll labelled AMEHAO XUSKUJAEHOW.
  4075 | D:5      | 4075 ||| READING scroll labelled CUNAUN MINWOUH.
  4076 | D:5      | 4076 ||| READING scroll labelled NIPOLU HESERI.
  4091 | D:6      | 4091 ||| STAIRDANCE
  4098 | D:6      | 4098 ||| STAIRDANCE
  4111 | D:5      | Reached skill level 12 in Ranged Weapons
  4117 | D:6      | Reached XP level 8. HP: 42/45 MP: 10/10
  4201 | D:6      | Reached skill level 3 in Fighting
  4204 | D:6      | Noticed Blork the orc
  4208 | D:6      | 4208 ||| RETREEEEATING.
  4209 | D:6      | 4209 ||| RETREEEEATING.
  4210 | D:6      | 4210 ||| RETREEEEATING.
  4220 | D:6      | Killed Blork the orc
  4327 | D:6      | Found a hide-covered altar of Uskayaw.
  4345 | D:6      | Reached skill level 13 in Ranged Weapons
  4370 | D:6      | 4370 ||| SWAPPING to +0 orcbow.
  4374 | D:6      | 4374 ||| DROPPING +1 shortbow.
  4518 | D:6      | Reached skill level 14 in Ranged Weapons
  4645 | D:6      | 4645 ||| UPGRADING to amulet of reflection.
  4655 | D:6      | 4655 ||| DROPPING amulet of regeneration.
  4790 | D:7      | Found Ruxkutz's Antique Armour Emporium.
  4803 | D:7      | 4803 ||| SHOPLISTING pair of gloves (157 gold, have 118).
  4832 | D:7      | Reached XP level 9. HP: 50/50 MP: 11/11
  4950 | D:7      | Found a burning altar of Makhleb.
  5152 | D:7      | 5152 ||| RETREEEEATING.
  5184 | D:7      | Found a staircase to the Ecumenical Temple.
  5186 | D:7      | 5186 ||| PLANNING TEMPLE
  5186 | D:7      | 5186 ||| UPGRADING to +1 robe of resistance.
  5203 | Temple   | Entered the Ecumenical Temple
  5204 | Temple   | 5204 ||| PLANNING OKAWARU WORSHIP
  5217 | Temple   | Became a worshipper of Warmaster Okawaru
  5218 | Temple   | 5218 ||| PLANNING D:1-11
  5449 | D:7      | Reached skill level 6 in Dodging
  5623 | D:8      | Reached skill level 15 in Ranged Weapons
  5784 | D:8      | Noticed a two-headed ogre
  5785 | D:8      | 5785 ||| ZAPPING wand of quicksilver (10) at -4,-1
                  | (two-headed ogre; floor).
  5786 | D:8      | 5786 ||| RETREEEEATING.
  5787 | D:8      | 5787 ||| ZAPPING wand of quicksilver (9) at -2,1
                  | (two-headed ogre; floor).
  5788 | D:8      | 5788 ||| RETREEEEATING.
  5789 | D:8      | 5789 ||| ZAPPING wand of quicksilver (8) at 0,1 (two-headed
                  | ogre; floor).
  5790 | D:8      | 5790 ||| RETREEEEATING.
  5791 | D:8      | 5791 ||| RETREEEEATING.
  5792 | D:8      | 5792 ||| RETREEEEATING.
  5793 | D:8      | 5793 ||| ZAPPING wand of quicksilver (7) at 2,1 (two-headed
                  | ogre; floor).
  5794 | D:8      | 5794 ||| ZAPPING wand of quicksilver (6) at 2,0 (two-headed
                  | ogre; floor).
  5794 | D:8      | Killed a two-headed ogre
  5797 | D:8      | 5797 ||| FLEEEEING.
  5798 | D:8      | 5798 ||| FLEEEEING.
  5799 | D:8      | 5799 ||| FLEEEEING.
  5800 | D:8      | 5800 ||| FLEEEEING.
  5801 | D:8      | 5801 ||| FLEEEEING.
  5802 | D:8      | 5802 ||| FLEEEEING.
  5803 | D:8      | 5803 ||| FLEEEEING.
  5804 | D:8      | 5804 ||| FLEEEEING.
  5805 | D:8      | 5805 ||| FLEEEEING.
  5806 | D:8      | 5806 ||| FLEEEEING.
  5807 | D:8      | 5807 ||| FLEEEEING.
  5808 | D:8      | 5808 ||| FLEEEEING.
  5809 | D:8      | 5809 ||| FLEEEEING.
  5810 | D:8      | 5810 ||| FLEEEEING.
  5811 | D:8      | 5811 ||| FLEEEEING.
  5812 | D:8      | 5812 ||| FLEEEEING.
  5813 | D:8      | 5813 ||| FLEEEEING.
  5814 | D:8      | 5814 ||| FLEEEEING.
  5982 | D:8      | Reached * piety under Okawaru
  6440 | D:8      | 6440 ||| UPGRADING to +2 cloak.
  6445 | D:8      | 6445 ||| UPGRADING to ring of poison resistance.
  6446 | D:8      | 6446 ||| READING 7 scrolls of identify.
  6446 | D:8      | 6446 ||| IDENTIFYING viscous cyan potion
  6447 | D:8      | 6447 ||| DROPPING potion of berserk rage.
  6501 | D:9      | Found a sparkling altar of Nemelex Xobeh.
  6540 | D:9      | Reached skill level 1 in Invocations
  6540 | D:9      | Reached XP level 10. HP: 60/60 MP: 11/13
  6623 | D:9      | Found a broken altar of Ashenzari.
  6661 | D:9      | Found a radiant altar of Vehumet.
  6705 | D:9      | You fall into a shaft and drop 3 floors!
  6709 | D:12     | Noticed a two-headed ogre
  6710 | D:12     | 6710 ||| PLANNING GAUNTLET
  6710 | D:12     | 6710 ||| INVOKING Heroism.
  6719 | D:12     | Killed a two-headed ogre
  6720 | D:12     | Reached skill level 16 in Ranged Weapons
  6720 | D:12     | Reached skill level 3 in Invocations
  6721 | D:12     | 6721 ||| RETREEEEATING.
  6722 | D:12     | 6722 ||| RETREEEEATING.
  6727 | D:12     | 6727 ||| ZAPPING wand of paralysis (13) at -1,0 (troll;
                  | floor).
  6727 | D:12     | HP: 14/60 [troll (10)]
  6728 | D:12     | 6728 ||| READING 5 scrolls of teleportation.
  6729 | D:12     | 6729 ||| DRINKING 4 potions of heal wounds.
  6735 | D:12     | 6735 ||| Stepping randomly (disturbance).
  6736 | D:12     | 6736 ||| Stepping randomly (disturbance).
  6737 | D:12     | 6737 ||| Stepping randomly (disturbance).
  6738 | D:12     | 6738 ||| Stepping randomly (disturbance).
  6747 | D:12     | HP: 15/60 [something (6)]
  6756 | D:12     | HP: 13/60 [something (2)]
  7036 | D:12     | Noticed a boulder beetle
  7037 | D:12     | 7037 ||| ZAPPING wand of paralysis (12) at -6,-6 (boulder
                  | beetle; floor).
  7038 | D:12     | 7038 ||| ZAPPING wand of paralysis (11) at -5,-5 (boulder
                  | beetle; floor).
  7039 | D:12     | 7039 ||| ZAPPING wand of paralysis (10) at -5,-5 (boulder
                  | beetle; floor).
  7058 | D:12     | 7058 ||| INVOKING Heroism.
  7076 | D:12     | 7076 ||| ZAPPING wand of quicksilver (5) at -5,5 (boulder
                  | beetle; floor).
  7077 | D:12     | 7077 ||| ZAPPING wand of quicksilver (4) at -4,4 (boulder
                  | beetle; floor).
  7078 | D:12     | 7078 ||| ZAPPING wand of quicksilver (3) at -4,4 (boulder
                  | beetle; floor).
  7078 | D:12     | Killed a boulder beetle
  7078 | D:12     | Reached ** piety under Okawaru
  7110 | D:12     | Noticed a boulder beetle
  7111 | D:12     | 7111 ||| ZAPPING wand of paralysis (9) at -3,-2 (boulder
                  | beetle; floor).
  7112 | D:12     | 7112 ||| ZAPPING wand of paralysis (8) at -2,-2 (boulder
                  | beetle; floor).
  7113 | D:12     | 7113 ||| ZAPPING wand of paralysis (7) at -1,-1 (boulder
                  | beetle; floor).
  7114 | D:12     | 7114 ||| ZAPPING wand of paralysis (6) at -1,-1 (boulder
                  | beetle; floor).
  7115 | D:12     | 7115 ||| ZAPPING wand of paralysis (5) at -1,-1 (boulder
                  | beetle; floor).
  7116 | D:12     | 7116 ||| ZAPPING wand of paralysis (4) at -1,-1 (boulder
                  | beetle; floor).
  7117 | D:12     | 7117 ||| ZAPPING wand of paralysis (3) at -1,-1 (boulder
                  | beetle; floor).
  7118 | D:12     | 7118 ||| ZAPPING wand of paralysis (2) at -1,-1 (boulder
                  | beetle; floor).
  7119 | D:12     | 7119 ||| ZAPPING wand of paralysis (1) at -1,-1 (boulder
                  | beetle; floor).
  7120 | D:12     | 7120 ||| INVOKING Heroism.
  7125 | D:12     | HP: 5/60 [boulder beetle (19)]
  7126 | D:12     | 7126 ||| READING 4 scrolls of teleportation.
  7128 | D:12     | 7128 ||| DRINKING 3 potions of heal wounds.
  7137 | D:12     | Noticed a smoke demon
  7141 | D:12     | Reached skill level 9 in Dodging
  7146 | D:12     | HP: 15/60 [burnt (4)]
  7147 | D:12     | 7147 ||| DRINKING 2 potions of heal wounds.
  7148 | D:12     | 7148 ||| RETREEEEATING.
  7152 | D:12     | Reached skill level 6 in Fighting
  7160 | D:12     | HP: 11/60 [yak (6)]
  7161 | D:12     | 7161 ||| READING 3 scrolls of teleportation.
  7162 | D:12     | 7162 ||| DRINKING potion of heal wounds.
  7284 | D:12     | 7284 ||| RIP GAUNTLET
  7351 | D:12     | 7351 ||| PLANNING D:1-11
  7352 | D:12     | Noticed a sixfirhy
  7352 | D:12     | 7352 ||| RETREEEEATING.
  7353 | D:12     | 7353 ||| INVOKING Heroism.
  7358 | D:12     | HP: 11/60 [sixfirhy[a kobold demonologist] (10)]
  7358 | D:12     | Slain by a sixfirhy

Levels and vault maps discovered:
D:1:      minmay_arrival_cross, layout_basic, shapermc_ecumenical_altar_ellora
D:2:      kennysheep_six_static_rooms, layout_basic, uniq_crazy_yiuf_cottage
D:3:      layout_loops_corners, serial_shops, shop, nicolae_shop_crystal,
          uniq_robin
D:4:      layout_basic, elyvilon_altar_4, ebering_ghost_sewer_d
D:5:      layout_basic, grunt_temple_overflow_open, hangedman_decor_growths
D:6:      layout_rooms, mainiacjoe_overflow_paths, uniq_blork_the_orc
D:7:      layout_basic, bloody_makhleb, minmay_temple_entry_gardened_gates,
          serial_shops, shop
D:8:      kennysheep_kobold_camp, layout_rooms
D:9:      layout_long_grid, nicolae_ashenzari_skybound, lemuel_round_altar,
          nemelex_xobeh_ov_fountains_minmay, dpeg_oklobed_lair
D:12:     layout_basic, gauntlet_entry_generic, uniq_josephine
Temple:   nicolae_temple_figure_eight

Skill      XL: |  1  2  3  4  5  6  7  8  9 10 |
---------------+-------------------------------+-----
Ranged Weapons | 6 7 8 9 10 12 14 15 16 | 16.0
Fighting       | 2 3 5 6 |  6.0
Armour         | 1 |  1.3
Dodging        | 3 5 6 9 |  9.5
Invocations    | 1 4 |  4.1
Stealth        | |  1.2

Action                     |  1- 3 |  4- 6 |  7- 9 | 10-12 || total
---------------------------+-------+-------+-------+-------++-------
   Fire: Shortbow          |    91 |   171 |   158 |       ||   420
         Orcbow            |       |       |   168 |   118 ||   286
 Invoke: Heroism           |       |       |       |     4 ||     4
  Evoke: Wand              |       |       |     5 |    16 ||    21
    Use: Scroll            |     5 |     9 |     4 |     3 ||    21
         Potion            |     1 |     1 |       |     4 ||     6
 Armour: Leather armour    |    22 |    18 |       |       ||    40
         Ring mail         |       |    38 |    70 |       ||   108
         Robe              |       |       |    11 |    49 ||    60
  Dodge: Dodged            |    16 |    54 |    99 |    41 ||   210
  Block: Other             |       |       |    11 |     9 ||    20

Table legend:
 A = Non-vault XP
 B = Vault XP
 C = Vault XP percentage of total XP
 D = Non-vault monster count
 E = Vault monster count
 F = Vault count percentage of total count
                 A         B        C        D         E       F
            +---------+---------+-------+---------+---------+-------
      Total |    9203 |     293 |   3.1 |     173 |      40 |  18.8
            +---------+---------+-------+---------+---------+-------
        D:1 |      39 |       0 |   0.0 |      23 |       0 |   0.0
        D:2 |      75 |      38 |  33.6 |      18 |       6 |  25.0
        D:3 |      93 |      35 |  27.3 |      13 |      12 |  48.0
        D:4 |     265 |       0 |   0.0 |      15 |       0 |   0.0
        D:5 |     823 |       0 |   0.0 |      37 |       0 |   0.0
        D:6 |    1044 |      99 |   8.7 |      21 |       1 |   4.5
        D:7 |     985 |       0 |   0.0 |      22 |       0 |   0.0
        D:8 |    1705 |     121 |   6.6 |      12 |      21 |  63.6
        D:9 |     437 |       0 |   0.0 |       2 |       0 |   0.0
       D:12 |    3737 |       0 |   0.0 |      10 |       0 |   0.0
            +---------+---------+-------+---------+---------+-------
